 Dungeon Crawl Stone Soup version 0.22-a0-803-gd6d8abe (webtiles) character file.

435 riteheju the Poker (level 6, -4/72 HPs)
             Began as a Demonspawn Fighter on July 22, 2018.
             Slain by a centaur skeleton (5 damage)
             ... on level 4 of the Dungeon.
             The game lasted 00:09:39 (3747 turns).

riteheju the Poker (Demonspawn Fighter)             Turns: 3747, Time: 00:09:40

Health: -4/72      AC: 23    Str: 18    XL:     6   Next: 68%
Magic:  6/6        EV:  2    Int:  9    God:
Gold:   224        SH:  9    Dex: 13    Spells: 5/5 levels left

rFire    . . .     SeeInvis .   a - +0 trident
rCold    . . .     Gourm    .   c - +0 shield
rNeg     + + +     Faith    .   (armour currently unavailable)
rPois    +         Spirit   .   (helmet currently unavailable)
rElec    .         Reflect  .   (cloak currently unavailable)
rCorr    .         Harm     .   (gloves currently unavailable)
MR       .....     NoTele   +   (boots currently unavailable)
Stlth    +.........             (no amulet)
HPRegen  0.22/turn              (no ring)
MPRegen  0.10/turn              (no ring)

@: tree-form
A: no striking features
a: no special abilities


You were on level 4 of the Dungeon.
You were not hungry.
You were a tree.
You visited 1 branch of the dungeon, and saw 4 of its levels.

You collected 224 gold pieces.

Inventory:

Hand Weapons
 a - a +0 trident (weapon)
Missiles
 l - a tomahawk of returning (quivered)
Armour
 b - a +0 scale mail
 c - a +0 shield (worn)
 e - a +0 cloak (melded)
 j - a +0 chain mail (melded)
Wands
 o - a wand of digging (13)
Scrolls
 g - a scroll of remove curse {unknown}
 h - a scroll of noise {unknown}
 i - 2 scrolls of identify {unknown}
 n - a scroll of fear {unknown}
 q - a scroll of teleportation {unknown}
 u - a scroll of fog {unknown}
Potions
 d - a potion of might
 k - a potion of lignification
 m - 2 potions of invisibility {unknown}
 p - a potion of cancellation {unknown}
 r - a potion of degeneration {unknown}
 t - a potion of ambrosia {unknown}
Comestibles
 f - 8 rations
 v - 5 chunks of flesh


   Skills:
 + Level 3.7 Fighting
 * Level 4.8 Polearms
 + Level 3.5 Armour
 + Level 1.3 Dodging
 + Level 3.7 Shields


You had 5 spell levels left.
You didn't know any spells.
Your spell library was empty.

Dungeon Overview and Level Annotations

Branches:
Dungeon (4/15)
 Temple: D:4-7

Altars:
Hepliaklqana
Kikubaaqudgha
Qazlal
Ru
Trog
The Shining One

Annotations:
D:2 faded altars


Innate Abilities, Weirdness & Mutations

((You have sharp fingernails.))
((You are partially covered in large bone plates. (SH +4)))


Message History

The centaur skeleton is in the way.
You hit the centaur skeleton.
The centaur skeleton is lightly damaged.
You block the centaur skeleton's attack.
You block the centaur skeleton's attack.
You block the centaur skeleton's attack.
The centaur skeleton hits you.
* * * LOW HITPOINT WARNING * * *
The centaur skeleton hits you but does no damage.
The centaur skeleton hits you.
* * * LOW HITPOINT WARNING * * *
The centaur skeleton hits you but does no damage.
The centaur skeleton hits you but does no damage.
The centaur skeleton barely misses you. The centaur skeleton hits you.
* * * LOW HITPOINT WARNING * * *
It was a potion of lignification.
You turn into a tree.
Your +0 cloak melds into your body.
Your +0 chain mail melds into your body.
Your roots penetrate the ground.
The centaur skeleton hits you.
You die...

.# #.÷#.#.#.#.#.###
... ##.#.#.#.#......
....
####.#...#.#.##.##
.....
##.##.#####.#...#.#
##......
##.................#
.'..(...
.....................
##......
###...##.##.###.#...#
# ..... ##.##..##.#
#...... ## ....
#♣##.###.# #####.# .#
... #.Z......# #.# ##
#+# ####O##### #.# #
#.# #.# #.# #.# #O#
##.# ##
##.############.#
#.#.
.####...#.......O...#
##.#
..........###########
### .#.##...###


You could see an ogre and a centaur skeleton.

Vanquished Creatures
  2 eyes of draining (D:3)
  A hound (D:3)
  Terence (D:2)
  A worker ant (D:4)
  7 adders
  3 oozes
  A worm (D:4)
  5 dart slugs
  4 leopard geckos
  2 orcs
  2 ball pythons
  2 giant cockroaches
  13 goblins
  6 hobgoblins
  15 jackals
  3 kobolds
  A quokka (D:3)
  6 bats
  3 frilled lizards (D:1)
  A jackal skeleton (D:4)
  A rat (D:2)
80 creatures vanquished.

Notes
Turn   | Place    | Note
-------+----------+-------------------------------------------
     0 | D:1      | riteheju the Demonspawn Fighter began the quest for the Orb.
     0 | D:1      | Reached XP level 1. HP: 18/18 MP: 1/1
   226 | D:1      | Gained mutation: You have sharp fingernails. [demonic ancestry]
   226 | D:1      | Reached XP level 2. HP: 15/24 MP: 2/2
   480 | D:1      | Reached skill level 2 in Polearms
   480 | D:1      | Reached XP level 3. HP: 29/29 MP: 3/3
   705 | D:1      | HP: 1/29 [adder (3)]
  1198 | D:2      | Noticed Terence
  1216 | D:2      | Killed Terence
  1216 | D:2      | Reached XP level 4. HP: 16/35 MP: 4/4
  1614 | D:2      | Reached skill level 1 in Dodging
  1997 | D:2      | Found a faded altar of an unknown god.
  1997 | D:2      | Found an ancient bone altar of Kikubaaqudgha.
  2002 | D:2      | Found a faded altar of an unknown god.
  2009 | D:2      | Found a glowing golden altar of the Shining One.
  2011 | D:2      | Found a sacrificial altar of Ru.
  2193 | D:3      | Noticed an eye of draining
  2194 | D:3      | Found a bloodstained altar of Trog.
  2194 | D:3      | Noticed an eye of draining
  2206 | D:3      | Killed an eye of draining
  2206 | D:3      | Reached skill level 3 in Polearms
  2206 | D:3      | Gained mutation: You are partially covered in large bone plates. (SH +4) [demonic ancestry]
  2206 | D:3      | Reached XP level 5. HP: 33/41 MP: 0/5
  2221 | D:3      | Killed an eye of draining
  2221 | D:3      | Reached skill level 4 in Polearms
  2221 | D:3      | Reached XP level 6. HP: 34/48 MP: 0/6
  2595 | D:3      | Found a stormy altar of Qazlal.
  3415 | D:4      | Found a hazy altar of Hepliaklqana.
  3701 | D:4      | HP: 1/48 [ogre/giant club (15)]
  3745 | D:4      | HP: 1/48 [centaur skeleton (6)]
  3747 | D:4      | Slain by a centaur skeleton

Vault maps used:
D:1:      minmay_arrival_semitransparent, minmay_pentomino_p2
D:2:      chequers_temple_overflow_minitemple, uniq_terence
D:3:      trog_eyes_of_draining, nicolae_overflow_hidden_temple
D:4:      nicolae_overflow_crystal_walls, first_ration, st_stairs_7,
          roderic_lattice_a, uniq_menkaure

Skill      XL: |  1  2  3  4  5 |
---------------+----------------+-----
Shields        | 3 |  3.7
Polearms       | 2 3 4 |  4.8
Armour         | 3 |  3.5
Dodging        | 1 |  1.3
Fighting       | |  3.7

Action                   |  1- 3 |  4- 6 || total
-------------------------+-------+-------++-------
Melee: Trident           |   133 |   255 ||   388
Throw: Tomahawk          |     5 |     8 ||    13
  Use: Potion            |     2 |     2 ||     4
       Scroll            |       |     1 ||     1
  Eat: Chunk             |     1 |     9 ||    10
Armor: Scale mail        |    58 |       ||    58
       Chain mail        |     3 |    96 ||    99
Dodge: Dodged            |    40 |    45 ||    85
Block: Shield            |    72 |   164 ||   236

Table legend:
 A = Spawn XP
 B = Non-spawn XP
 C = Spawn XP percentage of total XP
 D = Spawn monster count
 E = Non-spawn monster count
 F = Spawn count percentage of total count
 G = Total turns spent on level
                    A         B        C        D         E        F      G
               +---------+---------+-------+---------+---------+-------+---------
         Total |       0 |     622 |   0.0 |       0 |      80 |   0.0 |  3747
               +---------+---------+-------+---------+---------+-------+---------
           D:1 |       0 |      70 |   0.0 |       0 |      28 |   0.0 |   926
           D:2 |       0 |      74 |   0.0 |       0 |       9 |   0.0 |  1157
           D:3 |       0 |     387 |   0.0 |       0 |      27 |   0.0 |   942
           D:4 |       0 |      91 |   0.0 |       0 |      16 |   0.0 |   722
               +---------+---------+-------+---------+---------+-------+---------
